 Dungeon Crawl Stone Soup version 0.30.1-11-g7821555f0a (webtiles) character file.

Game seed: 14302222780826142033

48684 LaMa the Zephyrmancer (level 14, -1/68 HPs)
             Began as a Deep Elf Fire Elementalist on Nov 9, 2023.
             Was an Elder of Sif Muna.
             Shot with a bolt by an orc knight (13 damage)
             ... while paralysed by an ogre mage
             ... on level 2 of the Orcish Mines.
             The game lasted 01:04:21 (29462 turns).

LaMa the Zephyrmancer (Deep Elf Fire Elementalist) Turns: 29462, Time: 01:04:22

Health: -1/68      AC: 14    Str: 10    XL:     14   Next: 13%
Magic:  8/30       EV:  2    Int: 35    God:    Sif Muna [****..]
Gold:   1212       SH:  0    Dex: 19    Spells: 7/34 levels left

rFire   + . .        D - +6 hand axe of Luaseh {protect, rC+ Int+5 Dex+4}
rCold   + + .        (no shield)
rNeg    . . .        l - +2 robe {rC+ rF+}
rPois   +            B - +2 helmet
rElec   +            P - +2 cloak
rCorr   .            (no gloves)
SInv    .            (no boots)
Will    +....        (no amulet)
Stlth   ++           h - ring of Laujana Buin {rElec rPois AC+4 Str+5 Int-2}
HPRegen 0.31/turn    Q - +6 ring of intelligence
MPRegen 0.22/turn

%: no passive effects
@: paralysed
A: no striking features
a: Renounce Religion, Channel Magic, Forget Spell, Divine Exegesis


You were on level 2 of the Orcish Mines.
You worshipped Sif Muna.
Sif Muna was greatly pleased with you.
You visited 4 branches of the dungeon, and saw 18 of its levels.

You collected 1478 gold pieces.
You spent 266 gold pieces at shops.

Inventory:

Hand Weapons
 D - the +6 hand axe of Luaseh (weapon) {protect, rC+ Int+5 Dex+4}
   (You found it on level 6 of the Dungeon)

   Int:       It affects your intelligence (+5).
   Dex:       It affects your dexterity (+4).
   rC:        It protects you from cold.
 V - the +4 mace "Majagahe" {freeze, rC+ Dex+3 Stlth+}
   (You took it off a necromancer on level 5 of the Lair of Beasts)

   Dex:       It affects your dexterity (+3).
   rC:        It protects you from cold.
   Stlth:     It makes you more stealthy.
Missiles
 c - 6 silver javelins
 i - a throwing net
Armour
 l - a +2 robe of resistance (worn)
 n - an orb of energy
 B - a +2 helmet (worn)
 H - a +2 robe of willpower
 P - a +2 cloak (worn)
Jewellery
 h - the ring of Laujana Buin (left hand) {rElec rPois AC+4 Str+5 Int-2}
   (You found it on level 2 of the Dungeon)

   [ring of protection]

   AC:        It affects your AC (+4).
   Str:       It affects your strength (+5).
   Int:       It affects your intelligence (-2).
   rElec:     It insulates you from electricity.
   rPois:     It protects you from poison.
 z - a ring of flight
 O - a ring of willpower
 Q - a +6 ring of intelligence (right hand)
 S - a ring of see invisible
Wands
 e - a wand of light (6)
 p - a wand of flame (37)
 E - a wand of mindburst (34)
 F - a wand of paralysis (18)
 G - a wand of digging (5)
 I - a wand of roots (5)
Scrolls
 a - a scroll of vulnerability
 f - a scroll of magic mapping {unknown}
 g - a scroll of fog
 j - a scroll of torment
 o - a scroll of blinking {unknown}
 q - 4 scrolls of enchant armour
 r - 8 scrolls of teleportation
 t - a scroll of amnesia
 v - 2 scrolls of poison
 A - 2 scrolls of enchant weapon
 C - a scroll of immolation {unknown}
 T - a scroll of fear
Potions
 b - 3 potions of magic
 d - 2 potions of lignification
 k - 2 potions of resistance
 m - a potion of brilliance
 s - a potion of haste {unknown}
 u - 6 potions of curing
 w - 2 potions of mutation {unknown}
 x - 3 potions of flight
 J - a potion of berserk rage
 K - a potion of might {unknown}
 L - 2 potions of attraction
 M - 2 potions of heal wounds {unknown}
 N - a potion of degeneration {unknown}
 R - a potion of ambrosia {unknown}


   Skills:
 - Level 3.0 Armour
 + Level 11.8 Dodging
 - Level 2.4 Stealth
 + Level 10.7 Spellcasting
 + Level 6.5 Conjurations
 - Level 7.1 Translocations
 * Level 2.1 Transmutations
 + Level 11.4 Fire Magic
 + Level 13.0 Air Magic
 + Level 8.8 Invocations
 - Level 7.4 Evocations


You had 7 spell levels left.
You knew the following spells:

 Your Spells              Type           Power      Damage    Failure   Level
a - Airstrike             Air            41%        2d(6-22)  1%          4
b - Scorch                Fire           100%       2d9       1%          2
c - Volatile Blastmotes   Fire/Tloc      100%       2d18      1%          3
d - Flame Wave            Conj/Fire      69%        2d16      1%          4
e - Plasma Beam           Fire/Air       40%        2x1d59    2%          6
f - Swiftness             Air            83%        N/A       1%          3
g - Irradiate             Conj/Tmut      24%        3d19      11%         5

Your spell library contained the following spells:

 Spells                   Type           Power      Damage    Failure   Level
 Apportation              Tloc           100%       N/A       1%          1
 Foxfire                  Conj/Fire      100%       2x1d9     1%          1
 Shock                    Conj/Air       100%       1d9       1%          1
 Sting                    Tmut/Pois      100%       1d8       1%          1
 Poisonous Vapours        Pois/Air       100%       N/A       1%          2
 Inner Flame              Hex/Fire       56%        N/A       1%          3
 Vhi's Electric Charge    Tloc/Air       100%       N/A       1%          3
 Arcjolt                  Conj/Air       36%        1d46      1%          5
 Necrotise                Necr           72%        1d7       2%          1
 Summon Small Mammal      Summ           72%        N/A       2%          1
 Sublimation of Blood     Necr           18%        N/A       3%          2
 Ozocubu's Armour         Ice            18%        N/A       7%          3
 Petrify                  Tmut/Erth      26%        N/A       14%         4
 Summon Forest            Summ/Tloc      21%        N/A       16%         5
 Olgreb's Toxic Radiance  Pois           18%        N/A       22%         4
 Metabolic Englaciation   Hex/Ice        9%         N/A       54%         5
 Summon Mana Viper        Hex/Summ       18%        N/A       54%         5
 Simulacrum               Ice/Necr       9%         N/A       98%         6
 Summon Cactus Giant      Summ           9%         N/A       98%         6


Dungeon Overview and Level Annotations

Branches:
Dungeon (10/15)            Temple (1/1) D:6            Lair (5/5) D:10
  Swamp (0/4) Lair:2        Snake (0/4) Lair:3        Slime (0/5) Lair:5
    Orc (2/2) D:9
    Elf: Orc:2

Altars:
Ashenzari
Cheibriados
Dithmenos
Elyvilon
Fedhas
Gozag
Hepliaklqana
Kikubaaqudgha
Makhleb
Nemelex Xobeh
Okawaru
Qazlal
Ru
Sif Muna
Trog
Uskayaw
Vehumet
Wu Jian
Xom
Yredelemnul
Zin
The Shining One
Jiyva

Shops:
D:1 ?   Orc:2 ?

Annotations:
D:5 3 runed translucent doors, merbi's ghost, novice HuWn
D:8 exclusion: 5 yaks
D:9 3 runed translucent doors, Erolcha; heartgrenade's ghost, novice MiFi
Lair:5 exclusion: obsidian statue


Message History

The two-headed ogre is severely wounded.
An ogre comes into view. It is wielding a +0 giant spiked club.
The ogre shouts!
An orc knight comes into view. It is wielding a +0 battleaxe.
An orc comes into view. It is wielding a +0 short sword.
An ogre comes into view. It is wielding a +0 giant spiked club.
An orc warrior comes into view. It is wielding a +0 dire flail.
An orc comes into view. It is wielding a +0 hand axe.
Things that are here:
a +0 giant club; an ogre skeleton The orc warrior shouts!
You hear two shouts!
The orc knight shouts!
The ogre shouts!
A two-headed ogre comes into view. It is wielding two +0 giant clubs.
The orc knight roars a battlecry!
The orcs go into a battle-frenzy!
The orc shouts!
You hear two shouts!
A two-headed ogre comes into view.
It is wielding two +0 giant spiked clubs.
The two-headed ogre shouts in stereo!
You hear a shout! x2
The ogre barely misses you.
The ogre mage shouts!
You hear two shouts!
An ogre mage comes into view. It is wielding a +0 whip.
An ogre mage comes into view. It is wielding a +0 spear.
The orc attacks as you move away! The orc misses you.
The ogre attacks as you move away! The ogre closely misses you.
A two-headed ogre comes into view.
It is wielding a +0 dire flail and a +0 giant club.
The two-headed ogre shouts in stereo!
The two-headed ogre completely misses you.
The two-headed ogre hits you with a +0 giant club.
The two-headed ogre misses you.
The two-headed ogre hits you with a +0 giant spiked club!
The two-headed ogre attacks as you move away!
The two-headed ogre barely misses you. x2
The ogre mage casts a spell at you.
You suddenly lose the ability to move!
The two-headed ogre hits you with a +0 giant spiked club!!
The two-headed ogre hits you with a +0 giant spiked club!
* * * LOW HITPOINT WARNING * * *
The orc knight unwields a +0 battleaxe.
The orc knight wields a +0 arbalest.
The orc knight shoots a bolt.
The bolt hits you!
You die...

##....#............#...#
#.....##.....#.....##..#####
#...........#.....#.....##.####
###...........#....#.....##...##.
.#........................#...#..
..#...........O..............###.
..#..............O.....).........
........#.....O..........).......
......##.......O@OOO...........))
.........<.......Oo........).....
................ooo.........)....
...........#......O..............
......#...#......................
..........#......................
........................)........
.................................
###.................#............


You could see an orc knight, 4 two-headed ogres, 3 ogre magi, an orc warrior
(strong), 2 ogres and 2 orcs.

Vanquished Creatures
  A dire elephant (Lair:5)
  5 hydras
  An ogre mage (Orc:2)
  2 catoblepae
  5 two-headed ogres (Orc:2)
  5 death yaks
  Nergalle (Lair:1)
  3 skysharks
  A spectral anaconda (Lair:5)
  Pikel (D:7)
  A lindwurm (Lair:4)
  3 necromancers (Lair:5)
  A wolf spider (Lair:4)
  12 elephants
  Maurice (D:9)
  A dire elephant zombie (Lair:5)
  6 black mambas
  13 cane toads
  2 dire elephant skeletons (Lair:5)
  14 komodo dragons
  A troll (Orc:2)
  2 tyrant leeches (Lair:2)
  A hornet (D:9)
  3 blink frogs (Lair:5)
  A spectral elephant (Lair:5)
  A shadow (D:9)
  A slime creature (Lair:5)
  3 wyverns
  31 yaks
  2 basilisks
  2 death yak simulacra
  Menkaure (D:7)
  3 spectral cane toads (Lair:5)
  A swamp worm (Lair:2)
  16 water moccasins
  5 ice beasts
  9 orc warriors
  3 black bears
  9 ogres
  A sky beast (D:7)
  3 elephant zombies (Lair:5)
  12 wolves
  4 centaurs
  2 elephant skeletons (Lair:5)
  A lemure (D:7)
  A kobold brigand (D:8)
  12 bullfrogs
  3 cane toad simulacra
  3 gnoll sergeants
  2 scorpions
  11 wights
  An elephant simulacrum (Lair:5)
  3 howler monkeys
  4 crimson imps (D:8)
  4 jellies
  11 orc priests
  A hound (D:6)
  A gnoll bouda (D:8)
  Jessica (D:2)
  4 iguanas (D:5)
  9 orc wizards
  2 polar bear simulacra (Lair:3)
  6 hell rats
  A wolf simulacrum (Lair:3)
  7 adders
  17 gnolls
  8 river rats (Lair:1)
  A shadow imp (D:7)
  3 ufetubi
  2 worms
  3 dart slugs
  60 orcs
  10 ball pythons
  5 bats
  2 endoplasms
  2 giant cockroaches
  8 goblins
  4 hobgoblins
  9 kobolds
  3 quokkas
  4 frilled lizards
  6 rats
  2 foxfires
433 creatures vanquished.

Vanquished Creatures (collateral kills)
  A spectral death yak (Lair:5)
  3 foxfires
4 creatures vanquished.

Vanquished Creatures (others)
  822 foxfires
822 creatures vanquished.

Grand Total: 1259 creatures vanquished

Notes
Turn   | Place    | Note
-------+----------+-------------------------------------------
     0 | D:1      | LaMa the Deep Elf Fire Elementalist began the quest for the
                  | Orb.
     0 | D:1      | Reached XP level 1. HP: 10/10 MP: 6/6
   113 | D:1      | Reached XP level 2. HP: 15/15 MP: 0/9
   372 | D:1      | Found a faded altar of an unknown god.
   410 | D:1      | Found Gaylo's Magic Scroll Shoppe.
  1068 | D:2      | Identified the ring of Laujana Buin {rElec rPois AC+4 Str+5
                  | Int-2}
  1085 | D:2      | Learned a level 2 spell: Scorch
  1171 | D:2      | Reached XP level 3. HP: 19/19 MP: 3/11
  1378 | D:2      | Reached skill level 5 in Spellcasting
  1507 | D:2      | Noticed Jessica
  1515 | D:2      | Killed Jessica
  1668 | D:2      | Reached XP level 4. HP: 24/24 MP: 8/13
  2111 | D:3      | Found an opulent altar of Gozag.
  2717 | D:3      | Found an ancient bone altar of Kikubaaqudgha.
  2872 | D:3      | Reached XP level 5. HP: 25/28 MP: 6/14
  2907 | D:3      | Learned a level 3 spell: Volatile Blastmotes
  2912 | D:3      | Learned a level 4 spell: Flame Wave
  3261 | D:4      | Reached skill level 5 in Fire Magic
  3429 | D:4      | Found an iron altar of Okawaru.
  3465 | D:4      | Reached XP level 6. HP: 32/32 MP: 10/15
  4154 | D:5      | Entered Level 5 of the Dungeon
  4358 | D:5      | Found a bloodstained altar of Trog.
  4359 | D:5      | Found a burning altar of Makhleb.
  4361 | D:5      | Found a white marble altar of Elyvilon.
  4651 | D:5      | Reached skill level 5 in Conjurations
  4885 | D:5      | Noticed an ice beast
  4890 | D:5      | Killed an ice beast
  4891 | D:5      | Reached XP level 7. HP: 30/36 MP: 5/16
  4998 | D:5      | Found a runed translucent gate.
  4999 | D:5      | Found a runed translucent gate.
  5000 | D:5      | Found a runed translucent gate.
  5001 | D:5      | Noticed merbi's ghost (novice HuWn)
  5006 | D:5      | Identified the +10 short sword "Jamauti" {speed, rElec
                  | Str+2}
  5732 | D:7      | Noticed Menkaure
  5740 | D:7      | Killed Menkaure
  5741 | D:7      | Reached skill level 1 in Translocations
  5741 | D:7      | Reached skill level 1 in Evocations
  5797 | D:7      | Reached skill level 1 in Armour
  5797 | D:7      | Reached XP level 8. HP: 34/41 MP: 10/17
  5961 | D:6      | Identified the +6 hand axe of Luaseh {protect, rC+ Int+5
                  | Dex+4}
  5971 | D:6      | You fall into a shaft and drop 3 floors!
  5989 | D:10     | Entered Level 10 of the Dungeon
  5989 | D:10     | Found a staircase to the Lair.
  6038 | D:9      | Noticed a hornet
  6263 | D:9      | Noticed a centaur warrior
  6264 | D:9      | Noticed heartgrenade's ghost (novice MiFi)
  6265 | D:9      | Found a runed translucent gate.
  6266 | D:9      | Found a runed translucent gate.
  6266 | D:9      | Noticed a centaur warrior
  6425 | D:8      | HP: 2/41 [orc warrior/bolt (3)]
  6958 | D:7      | Reached skill level 5 in Dodging
  7392 | D:7      | Reached XP level 9. HP: 45/45 MP: 12/18
  7558 | D:7      | Noticed Pikel
  7580 | D:7      | Killed Pikel
  7581 | D:7      | Reached skill level 5 in Translocations
  7581 | D:7      | Reached skill level 5 in Evocations
  7955 | D:6      | Found a glowing golden altar of the Shining One.
  7955 | D:6      | Found a hide-covered altar of Uskayaw.
  7982 | D:6      | Identified the +10 chain mail of Gestures {rC++ rCorr}
  8132 | D:6      | Found a staircase to the Ecumenical Temple.
  8206 | Temple   | Entered the Ecumenical Temple
  8247 | Temple   | Became a worshipper of Sif Muna the Loreminder
  8566 | D:8      | Found a basalt altar of Yredelemnul.
  9270 | D:8      | Found a shimmering altar of Xom.
  9843 | D:8      | Reached XP level 10. HP: 49/50 MP: 9/19
  9991 | D:8      | Learned a level 6 spell: Plasma Beam
 10107 | D:8      | Reached skill level 1 in Air Magic
 10107 | D:8      | Reached skill level 1 in Invocations
 10343 | D:7      | Reached * piety under Sif Muna
 10396 | D:8      | Reached skill level 2 in Air Magic
 10661 | D:8      | Found a blossoming altar of Fedhas.
 11325 | D:9      | Reached skill level 3 in Air Magic
 11544 | D:9      | Found a runed translucent gate.
 12432 | D:9      | Reached skill level 4 in Air Magic
 12478 | D:9      | Noticed Maurice
 12489 | D:9      | Killed Maurice
 12606 | D:9      | Noticed Erolcha
 12717 | D:9      | Found a staircase to the Orcish Mines.
 12740 | Lair:1   | Entered Level 1 of the Lair of Beasts
 12890 | Lair:1   | Reached skill level 5 in Air Magic
 13000 | Lair:1   | Noticed a cane toad
 13026 | Lair:1   | Killed a cane toad
 13026 | Lair:1   | Reached ** piety under Sif Muna
 13082 | Lair:1   | Identified the +0 leather armour of Distant Worlds {rElec
                  | rN+}
 13199 | Lair:1   | Reached XP level 11. HP: 54/54 MP: 9/20
 13632 | Lair:1   | Noticed Nergalle
 13683 | Lair:1   | Reached skill level 6 in Air Magic
 14443 | Lair:1   | Reached skill level 10 in Dodging
 14741 | Lair:1   | Killed Nergalle
 14742 | Lair:1   | Reached skill level 5 in Invocations
 15387 | Lair:2   | Reached skill level 7 in Air Magic
 16151 | Lair:2   | Reached skill level 8 in Air Magic
 16476 | Lair:1   | Learned a level 3 spell: Swiftness
 17676 | Lair:2   | Found a staircase to the Swamp.
 18395 | Lair:3   | Reached XP level 12. HP: 59/59 MP: 13/22
 18514 | Lair:3   | Found a staircase to the Snake Pit.
 18942 | Lair:3   | Found a frozen archway.
 19179 | Lair:3   | Identified the +2 robe "Xiaggewk" {+Inv Dex+5}
 19294 | Lair:3   | Noticed a six-headed hydra
 19332 | Lair:3   | Reached skill level 9 in Air Magic
 20330 | Lair:4   | Reached *** piety under Sif Muna
 21329 | Lair:4   | Identified the +5 whip "Oserhu" {protect, Int+3}
 21454 | Lair:4   | Reached skill level 10 in Air Magic
 21810 | Lair:3   | Noticed an eight-headed hydra
 22004 | Lair:3   | Killed an eight-headed hydra
 22020 | Lair:3   | Killed a six-headed hydra
 22390 | Lair:5   | Entered Level 5 of the Lair of Beasts
 23144 | Lair:5   | Reached XP level 13. HP: 63/63 MP: 21/27
 23256 | Lair:5   | Reached skill level 10 in Fire Magic
 23256 | Lair:5   | Reached skill level 11 in Air Magic
 23337 | Lair:5   | Learned a level 4 spell: Airstrike
 23997 | Lair:4   | Reached **** piety under Sif Muna
 24650 | Lair:5   | Reached skill level 12 in Air Magic
 25040 | Lair:5   | Found a viscous altar of Jiyva.
 25041 | Lair:5   | Found a staircase to the Slime Pits.
 25041 | Lair:5   | Identified the +6 short sword of Viuw {venom, Str+3 SInv}
 25180 | Lair:5   | Found the dreamshard necklace {*Dream Drain}
 25231 | Lair:5   | Noticed a dire elephant
 25645 | Lair:5   | Reached skill level 10 in Spellcasting
 26388 | Lair:5   | Identified the +4 mace "Majagahe" {freeze, rC+ Dex+3
                  | Stlth+}
 27267 | Lair:5   | Killed a dire elephant
 27713 | Orc:1    | Entered Level 1 of the Orcish Mines
 27988 | D:1      | Bought a scroll of identify for 28 gold pieces
 27988 | D:1      | Bought a scroll of teleportation for 42 gold pieces
 27988 | D:1      | Bought a scroll of teleportation for 42 gold pieces
 27988 | D:1      | Bought a scroll of identify for 28 gold pieces
 27988 | D:1      | Bought a scroll of teleportation for 42 gold pieces
 27988 | D:1      | Bought a scroll of identify for 28 gold pieces
 27988 | D:1      | Bought a scroll of fear for 56 gold pieces
 28749 | Orc:1    | Learned a level 5 spell: Irradiate
 28751 | Orc:2    | Entered Level 2 of the Orcish Mines
 29085 | Orc:2    | Found Zotsau Fyemn's Magic Scroll Boutique.
 29114 | Orc:2    | Reached XP level 14. HP: 68/68 MP: 23/30
 29218 | Orc:2    | Reached skill level 1 in Transmutations
 29233 | Orc:2    | Reached skill level 13 in Air Magic
 29461 | Orc:2    | Paralysed by an ogre mage for 4 turns
 29462 | Orc:2    | Shot with a bolt by an orc knight

Illustrated notes

Levels and vault maps discovered:
D:1:      amcnicky_arrival_blooded_trapdoor, layout_basic,
          ebering_ecumenical_altar_hall, serial_shops, shop,
          chequers_serial_rivers_micro_b, st_stairs_9
D:2:      layout_loops_ring, serial_bayou_pond_e, uniq_jessica
D:3:      layout_basic, mainiacjoe_overflow_catwalk_spiral
D:4:      layout_basic, nicolae_overflow_crystal_walls
D:5:      layout_loops_cross, grunt_temple_overflow_open,
          biasface_ghost_orc_armoury
D:6:      layout_basic, nicolae_overflow_two_pavilions, temple_statues
D:7:      layout_cave_pods, uniq_pikel, uniq_menkaure
D:8:      layout_loops_corners, led_xom_imps,
          mainiacjoe_overflow_surrounded_room, lemuel_crystal_altar,
          st_stairs_12
D:9:      layout_basic, hiddenorc1_lemuel, gammafunk_ghost_split,
          kennysheep_nondescript, serial_bayou_crossing, uniq_erolcha,
          uniq_maurice
D:10:     minmay_razor_zed, layout_gridville, lair_entry_dummy, enter_bailey_5
Temple:   nicolae_temple_ecumenical_triangle
Lair:1:   layout_cave_shapes, kennysheep_rathole, grunt_megastairs_1,
          uniq_nergalle
Lair:2:   layout_chaotic_city, minmay_swamp_entry_worms,
          nicolae_volcano_entry_two_sided
Lair:3:   layout_cave_pods, dummy_snake_entry,
          portal_ice_cave_entry_ice_simulacra, chequers_serial_rivers_room_b,
          lemuel_fruit_tree, grunt_megastairs_2
Lair:4:   minmay_lair_venomous_thicket, layout_loops_ring
Lair:5:   due_jungle_book, layout_cellular_growth, minmay_slime_entry_pillars,
          grunt_megastairs_4
Orc:1:    layout_caves, serial_shops, shop
Orc:2:    st_orc_ogre_mass, layout_caves

Skill      XL: |  1  2  3  4  5  6  7  8  9 10 11 12 13 14 |
---------------+-------------------------------------------+-----
Spellcasting   | 4 5 8 10 | 10.7
Conjurations   | 2 3 4 5 6 |  6.5
Fire Magic     | 4 5 6 7 8 9 11 | 11.4
Dodging        | 3 5 8 9 10 11 | 11.8
Translocations | 1 4 7 |  7.1
Evocations     | 1 4 6 7 |  7.4
Armour         | 1 3 |  3.0
Air Magic      | 5 8 10 12 13 | 13.0
Invocations    | 4 6 8 |  8.8
Transmutations | 2 |  2.1
Stealth        | |  2.4

Action                     |  1- 3 |  4- 6 |  7- 9 | 10-12 | 13-15 || total
---------------------------+-------+-------+-------+-------+-------++-------
  Melee: Unarmed           |     1 |       |       |       |       ||     1
         Dagger            |    18 |    19 |       |       |       ||    37
         Hand axe          |       |       |    74 |    22 |    28 ||   124
         Punch             |       |       |     1 |       |     1 ||     2
  Throw: Javelin           |     1 |       |       |       |       ||     1
   Cast: Foxfire           |    70 |    73 |   105 |   223 |     3 ||   474
         Scorch            |     8 |    44 |   125 |   362 |    49 ||   588
         Flame Wave        |       |       |     1 |     7 |     1 ||     9
         Volatile Blastmot |       |       |       |     5 |     1 ||     6
         Plasma Beam       |       |       |       |    24 |    41 ||    65
         Airstrike         |       |       |       |       |   112 ||   112
 Invoke: Channel Magic     |       |       |       |     1 |       ||     1
  Evoke: Wand              |       |       |     6 |     7 |     2 ||    15
    Use: Scroll            |       |       |     6 |     5 |    10 ||    21
 Armour: Robe              |     4 |    18 |    34 |    98 |    29 ||   183
  Dodge: Dodged            |    18 |    38 |   167 |   285 |    71 ||   579
